 Dungeon Crawl Stone Soup version 0.21-a0-591-g2314aa1 (webtiles) character file.

19438 esteth the Severer (level 12, -5/107 HPs)
             Began as a Minotaur Berserker on Dec 22, 2017.
             Was an Elder of Trog.
             Slain by Sonja
             ... wielding a +0 dagger of distortion
              (16 damage)
             ... on level 2 of the Lair of Beasts.
             The game lasted 00:33:24 (11840 turns).

esteth the Severer (Minotaur Berserker)            Turns: 11840, Time: 00:33:26

Health: -5/107     AC: 20    Str: 22    XL:     12   Next: 36%
Magic:  11/11      EV:  9    Int:  4    God:    Trog [****..]
Gold:   474        SH:  0    Dex: 15    Spells: 11/11 levels left

rFire    . . .     SeeInvis .   C - +7 battleaxe (vamp)
rCold    . . .     Gourm    .   (shield currently unavailable)
rNeg     . . .     Faith    .   p - +4 plate armour
rPois    .         Spirit   .   T - +1 hat {MR+}
rElec    .         Reflect  .   (no cloak)
rCorr    .         Harm     .   A - +2 pair of gloves
MR       +....                  (no boots)
Stlth    ..........             (no amulet)
HPRegen  0.27/turn              (no ring)
MPRegen  0.12/turn              (no ring)

@: slowed, very slow
A: retaliatory headbutt, horns 2
a: Berserk, Trog's Hand, Brothers in Arms, Burn Spellbooks, Renounce Religion


You were on level 2 of the Lair of Beasts.
You worshipped Trog.
Trog was greatly pleased with you.
You were not hungry.

You visited 2 branches of the dungeon, and saw 14 of its levels.
You also visited: Sewer.

You collected 684 gold pieces.
You spent 210 gold pieces at shops.

Inventory:

Hand Weapons
 a - a +0 hand axe
 o - a -1 war axe
 C - a +7 vampiric battleaxe (weapon)
 O - a +0 blowgun
Missiles
 b - 6 silver javelins
 w - 3 javelins (quivered)
 D - 4 needles of confusion
 E - 2 tomahawks of returning
 M - 5 needles of paralysis
 P - 28 poisoned needles
 S - 5 silver tomahawks
Armour
 p - a +4 plate armour (worn)
 A - a +2 pair of gloves (worn)
 T - a +1 hat of magic resistance (worn)
Jewellery
 k - an uncursed amulet of rage
 s - an uncursed ring of magical power
Wands
 n - a wand of paralysis (31)
 r - a wand of flame (27)
 u - a wand of digging (14)
 F - a wand of polymorph (22)
 L - a wand of random effects (21)
Scrolls
 d - 3 scrolls of blinking
 e - 2 scrolls of fear
 g - 4 scrolls of identify
 t - 7 scrolls of teleportation
 y - a scroll of fog
 H - a scroll of remove curse
 J - 2 scrolls of magic mapping
 R - a scroll of immolation
Potions
 f - a potion of invisibility {unknown}
 h - a potion of mutation
 i - 4 potions of brilliance
 j - a potion of flight {unknown}
 l - 2 potions of agility {unknown}
 m - 4 potions of lignification
 q - a potion of haste {unknown}
 v - a potion of magic {unknown}
 z - a potion of might
 B - a potion of berserk rage
 G - 2 potions of resistance {unknown}
 I - a potion of heal wounds {unknown}
 K - a potion of ambrosia
Books
 N - a book of Changes

   Spells                             Type                      Level
   a - Beastly Appendage              Transmutation                1
   b - Sticks to Snakes               Transmutation                2
   c - Spider Form                    Transmutation/Poison         3
   d - Ice Form                       Ice/Transmutation            4
   e - Blade Hands                    Transmutation                5
   Trog disapproves of the use of such an item.
Comestibles
 c - 19 rations


   Skills:
 + Level 10.5 Fighting
 + Level 18.4 Axes
 - Level 7.3 Throwing
 - Level 5.3 Armour
 - Level 4.8 Dodging


You had 11 spell levels left.
You didn't know any spells.

Dungeon Overview and Level Annotations

Branches:
Dungeon (12/15)            Temple (0/1) D:6            Lair (2/6) D:8
  Swamp (0/4) Lair:2          Orc (0/2) D:11
  Snake: Lair:2-4    Spider: Lair:2-4

Altars:
Cheibriados
Fedhas
Hepliaklqana
Uskayaw
Wu Jian
The Shining One
Beogh

Shops:
D:8 (   D:11 *

Annotations:
Lair:2 Sonja


Innate Abilities, Weirdness & Mutations

You reflexively headbutt those who attack you in melee.
You have a pair of horns on your head.


Message History

You feel less resistant to hostile enchantments.
You feel sick.
You feel sick.
You feel sick.
You feel sick.
You feel sick.
You start resting.
You feel sick. x3
Sonja mumbles some strange words.
Sonja blinks!
Throwing (i - inventory. (,) - cycle):
w - 3 javelins (quivered)
Press: ? - help, Shift-Dir - straight line, f - Sonja
Aim: Sonja, wielding a blowgun (almost dead)
Okay, then.
You feel better.
Sonja unwields an uncursed blowgun.
Sonja wields an uncursed dagger of distortion.
Its appearance distorts for a moment.
Sonja hits you but does no damage. Space bends around you.
* * * LOW HITPOINT WARNING * * *
Sonja hits you but does no damage. Space warps horribly around you!
You die...

.§. #..### #...#...§....
.§§# #.#.####.# #........
.§..####..#.#...###?......#
§§§§..#.........(((.....(##
§§.§.......##.P#(##........
§§§#.......#####.##?...##..
§§#.......#.## #.....#.§...
.............# #.K.##.#...
............#.##@...##.....
.......##..#.....#....[#...
.....#..8.8.....#....#..
.#...........######.## .
.......#8.8### ##
.......#...##
..............
............##
...........#.#


You could see Sonja.

Vanquished Creatures
  Gastronok (Lair:2)
  3 two-headed ogres
  An unseen horror (D:10)
  Pikel (D:8)
  An orc knight (D:11)
  A deep elf mage (D:11)
  A centaur zombie (D:10)
  A black mamba (Lair:1)
  Joseph (D:8)
  2 spiny frogs
  The ghost of rabbitfr the Shield-Bearer, a novice OpFi of Hepliaklqana (D:5)
  A rime drake (Lair:2)
  A komodo dragon (Lair:1)
  3 trolls (D:11)
  3 hornets
  4 blink frogs (Lair:2)
  A meliai zombie (D:11)
  5 hippogriffs
  A spriggan (D:7)
  2 wyverns (D:8)
  A hungry ghost (D:6)
  4 yaks
  A soldier ant (D:11)
  3 water moccasins
  4 porcupines (Lair:1)
  7 orc warriors
  An ice beast (D:5)
  2 sky beasts
  2 slaves (D:8)
  3 phantoms
  7 ogres
  3 centaurs
  3 wolves (D:8)
  3 crocodiles
  2 big kobolds (D:3)
  10 bullfrogs
  3 scorpions
  A wyvern skeleton (D:9)
  7 howler monkeys
  An electric eel (Lair:2)
  2 vampire bats (Lair:1)
  A bullfrog zombie (D:9)
  4 crimson imps
  3 orc priests
  4 hounds
  2 jellies
  8 orc wizards
  A quasit (D:6)
  4 centaur skeletons
  Jessica (D:3)
  3 bullfrog skeletons
  A gnoll shaman (D:8)
  2 iguanas
  5 worker ants
  2 hound zombies
  A hound skeleton (D:10)
  A howler monkey zombie (D:10)
  Robin (D:4)
  17 gnolls
  11 adders
  7 river rats (D:4)
  A shadow imp (D:5)
  12 oozes (Sewer)
  An adder skeleton (D:4)
  3 worms
  2 dart slugs
  22 leopard geckos
  42 orcs
  12 bats
  8 giant cockroaches
  15 goblins
  12 hobgoblins
  13 jackals
  12 kobolds
  7 quokkas
  8 ball pythons (Sewer)
  19 frilled lizards
  2 leopard gecko skeletons
  A quokka skeleton (D:5)
  A quokka zombie (D:5)
  19 rats
396 creatures vanquished.

Vanquished Creatures (collateral kills)
  A two-headed ogre (D:8)
  The ghost of p0werm0de the Magician, a novice OpFE of Ashenzari (D:7)
  Grum (D:8)
  A crocodile (D:8)
  An iguana (D:7)
  An orc (D:7)
6 creatures vanquished.

Grand Total: 402 creatures vanquished

Notes
Turn   | Place    | Note
-------+----------+-------------------------------------------
     0 | D:1      | esteth the Minotaur Berserker began the quest for the Orb.
     0 | D:1      | Reached XP level 1. HP: 19/19 MP: 0/0
    10 | D:1      | Reached skill level 4 in Axes
    89 | D:1      | Reached XP level 2. HP: 18/26 MP: 1/1
   463 | D:1      | Reached skill level 5 in Axes
   473 | D:1      | Reached ** piety under Trog
   477 | D:1      | Reached XP level 3. HP: 28/31 MP: 2/2
  1134 | D:3      | Reached skill level 6 in Axes
  1134 | D:3      | Reached XP level 4. HP: 35/39 MP: 3/3
  1824 | D:3      | Found a hide-covered altar of Uskayaw.
  2256 | D:3      | Noticed Jessica
  2262 | D:3      | Killed Jessica
  2262 | D:3      | Reached skill level 7 in Axes
  2262 | D:3      | Reached XP level 5. HP: 45/45 MP: 4/4
  2417 | D:3      | Reached *** piety under Trog
  2465 | D:3      | Reached skill level 8 in Axes
  2465 | D:3      | Reached XP level 6. HP: 51/51 MP: 5/5
  2774 | D:4      | Reached skill level 9 in Axes
  2863 | D:4      | HP: 2/51 [ogre/giant spiked club (9)]
  2908 | D:4      | Reached **** piety under Trog
  2908 | D:4      | Reached XP level 7. HP: 21/57 MP: 6/6
  3046 | D:4      | Noticed Robin
  3060 | D:4      | Killed Robin
  3091 | D:4      | Found a glowing golden altar of the Shining One.
  3111 | D:4      | Reached skill level 10 in Axes
  3170 | D:4      | Found a glowing drain.
  3189 | Sewer    | Entered a sewer
  3404 | Sewer    | Reached ***** piety under Trog
  3512 | Sewer    | Reached skill level 11 in Axes
  3878 | D:5      | Entered Level 5 of the Dungeon
  3945 | D:5      | Noticed rabbitfr's ghost (novice OpFi)
  3960 | D:5      | Killed rabbitfr's ghost
  3960 | D:5      | Reached XP level 8. HP: 64/64 MP: 7/7
  3962 | D:5      | Reached skill level 12 in Axes
  4334 | D:5      | Found an ornate altar of the Wu Jian Council.
  4334 | D:5      | Found a blossoming altar of Fedhas.
  4387 | D:5      | Noticed a hornet
  4397 | D:5      | Killed a hornet
  4397 | D:5      | Reached skill level 13 in Axes
  4500 | D:6      | Found a staircase to the Ecumenical Temple.
  4546 | D:6      | Found a snail-covered altar of Cheibriados.
  5134 | D:6      | Reached XP level 9. HP: 70/70 MP: 8/8
  5457 | D:7      | Noticed a two-headed ogre
  5465 | D:7      | Killed a two-headed ogre
  5465 | D:7      | Received a gift from Trog
  5465 | D:7      | Reached skill level 14 in Axes
  5512 | D:7      | Found a hazy altar of Hepliaklqana.
  5520 | D:7      | Reached skill level 15 in Axes
  5983 | D:7      | Reached skill level 16 in Axes
  6074 | D:7      | Reached XP level 10. HP: 28/78 MP: 9/9
  6301 | D:7      | Noticed p0werm0de's ghost (novice OpFE)
  6318 | D:7      | Killed p0werm0de's ghost
  6928 | D:8      | Found a staircase to the Lair.
  6933 | D:8      | Noticed a two-headed ogre
  6938 | D:8      | Reached skill level 1 in Throwing
  6939 | D:8      | Reached skill level 5 in Fighting
  6952 | D:8      | Killed a two-headed ogre
  7312 | D:8      | Noticed Grum
  7324 | D:8      | HP: 3/84 [Grum/enchanted spear (9)]
  7329 | D:8      | Killed Grum
  7620 | D:8      | Noticed a two-headed ogre
  7629 | D:8      | Killed a two-headed ogre
  7671 | D:8      | Noticed Pikel
  7693 | D:8      | Killed Pikel
  7693 | D:8      | Reached XP level 11. HP: 88/92 MP: 10/10
  7695 | D:8      | Noticed Joseph
  7715 | D:8      | Killed Joseph
  7715 | D:8      | Received a gift from Trog
  7715 | D:8      | Reached skill level 17 in Axes
  7822 | D:8      | Found Budommau's Antique Weapon Emporium.
  7995 | D:9      | Reached skill level 5 in Throwing
  8534 | D:10     | Entered Level 10 of the Dungeon
  8646 | D:10     | Killed an unseen horror
  8936 | D:11     | Found Hifux's Assorted Antiques.
  8941 | D:11     | Noticed a two-headed ogre
  8944 | D:11     | Bought a scroll of enchant weapon for 210 gold pieces
  8950 | D:11     | Killed a two-headed ogre
  9245 | D:11     | Noticed a deep elf mage
  9259 | D:11     | Killed a deep elf mage
  9259 | D:11     | Received a gift from Trog
  9562 | D:11     | Found a roughly hewn altar of Beogh.
  9565 | D:11     | Found a staircase to the Orcish Mines.
  9565 | D:11     | Noticed an orc knight
  9597 | D:11     | Killed an orc knight
  9908 | D:11     | Paralysed by a hornet for 1 turns
 10347 | D:12     | Received a gift from Trog
 10827 | Lair:1   | Entered Level 1 of the Lair of Beasts
 10834 | Lair:1   | Reached skill level 5 in Armour
 10930 | Lair:1   | Reached XP level 12. HP: 93/104 MP: 11/11
 11032 | Lair:1   | Received a gift from Trog
 11507 | Lair:2   | Reached skill level 18 in Axes
 11556 | Lair:2   | Noticed Gastronok
 11573 | Lair:2   | Killed Gastronok
 11573 | Lair:2   | Reached skill level 10 in Fighting
 11592 | Lair:2   | Found a staircase to the Swamp.
 11817 | Lair:2   | Noticed Sonja
 11840 | Lair:2   | Slain by Sonja

Vault maps used:
D:1:      dpeg_arrival_windows_large_door
D:3:      cheibrodos_thug_alley, overflow_temple_1_default, uniq_jessica
D:4:      nicolae_overflow_hidden_temple, gup_sewer_entry_bubbles,
          dk_rats_in_the_wall, uniq_robin
D:5:      gammafunk_temple_overflow_pools, first_ration
D:6:      minmay_temple_entry_crystal_x, basic_altar
D:7:      basic_altar, the_bakery
D:8:      david_lair_generic, serial_shops, nicolae_shop_behind_doors,
          uniq_pikel, uniq_grum, uniq_joseph
D:11:     david_orc_5, serial_shops, nicolae_shop_crystal
D:12:     serial_shops, shop
Lair:1:   roderic_batcave
Lair:2:   minmay_swamp_entry_reptiles, small_statue_intersection,
          nicolae_quartered_pool_super, lemuel_fruit_tree,
          infiniplex_staircase_pool, uniq_gastronok, uniq_sonja
Sewer:    sewer_frog_island_02

Skill      XL: |  1  2  3  4  5  6  7  8  9 10 11 12 |
---------------+-------------------------------------+-----
Axes           | 4 5 6 7 8 9 11 13 16 17 18 | 18.4
Fighting       | 4 7 9 10 | 10.5
Armour         | 3 5 |  5.3
Dodging        | 3 4 |  4.8
Throwing       | 4 7 |  7.3

Action                   |  1- 3 |  4- 6 |  7- 9 | 10-12 || total
-------------------------+-------+-------+-------+-------++-------
Melee: Hand axe          |    81 |    14 |       |       ||    95
       Headbutt          |    15 |    23 |    52 |    80 ||   170
       War axe           |       |   102 |   392 |    42 ||   536
       Battleaxe         |       |       |       |   391 ||   391
Throw: Javelin           |       |       |     4 |     5 ||     9
Invok: Berserk           |       |       |     4 |     2 ||     6
       Trog's Hand       |       |       |     2 |     7 ||     9
       Brothers in Arms  |       |       |     1 |     4 ||     5
       Burn Spellbooks   |       |       |       |     1 ||     1
  Use: Scroll            |     1 |     8 |     3 |    12 ||    24
       Potion            |       |     1 |       |     6 ||     7
  Eat: Chunk             |     1 |     5 |    12 |    18 ||    36
       Ration            |       |       |     2 |     3 ||     5
Armor: Ring mail         |    24 |     2 |       |       ||    26
       Animal skin       |     1 |       |       |       ||     1
       Scale mail        |       |    48 |   158 |       ||   206
       Plate armour      |       |       |    36 |   236 ||   272
Dodge: Dodged            |    54 |    82 |   204 |   153 ||   493

Table legend:
 A = Spawn XP
 B = Non-spawn XP
 C = Spawn XP percentage of total XP
 D = Spawn monster count
 E = Non-spawn monster count
 F = Spawn count percentage of total count
 G = Total turns spent on level
                    A         B        C        D         E        F      G
               +---------+---------+-------+---------+---------+-------+---------
         Total |       0 |   27769 |   0.0 |       0 |     400 |   0.0 | 11840
               +---------+---------+-------+---------+---------+-------+---------
           D:1 |       0 |      47 |   0.0 |       0 |      25 |   0.0 |   574
           D:2 |       0 |      38 |   0.0 |       0 |      12 |   0.0 |   549
           D:3 |       0 |     339 |   0.0 |       0 |      33 |   0.0 |  1569
           D:4 |       0 |     471 |   0.0 |       0 |      55 |   0.0 |   813
           D:5 |       0 |    1017 |   0.0 |       0 |      19 |   0.0 |   594
           D:6 |       0 |     845 |   0.0 |       0 |      21 |   0.0 |  1355
           D:7 |       0 |    3032 |   0.0 |       0 |      31 |   0.0 |  1150
           D:8 |       0 |    5428 |   0.0 |       0 |      42 |   0.0 |  1143
           D:9 |       0 |    1437 |   0.0 |       0 |      25 |   0.0 |   558
          D:10 |       0 |    2053 |   0.0 |       0 |       8 |   0.0 |   409
          D:11 |       0 |    5083 |   0.0 |       0 |      43 |   0.0 |  1287
          D:12 |       0 |     282 |   0.0 |       0 |       1 |   0.0 |   356
        Lair:1 |       0 |    2962 |   0.0 |       0 |      22 |   0.0 |   642
        Lair:2 |       0 |    4375 |   0.0 |       0 |      10 |   0.0 |   371
         Sewer |       0 |     360 |   0.0 |       0 |      53 |   0.0 |   470
               +---------+---------+-------+---------+---------+-------+---------
